 Dungeon Crawl Stone Soup version 0.29-a0-219-g0a02b1cf4f (webtiles) character file.

Game seed: 8039852310935530150

175 Rennog the Shield-Bearer (level 5, -8/47 HPs)
             Began as a Gnoll Fighter on Feb 25, 2022.
             Was a Believer of Vehumet.
             Killed from afar by a steam dragon (11 damage)
             ... with a ball of steam
             ... on level 5 of the Dungeon.
             The game lasted 00:02:58 (2335 turns).

Rennog the Shield-Bearer (Gnoll Fighter)            Turns: 2335, Time: 00:02:59

Health: -8/47      AC:  9    Str: 16    XL:     5   Next: 55%
Magic:  7/7        EV:  9    Int:  9    God:    Vehumet [**....]
Gold:   113        SH:  5    Dex: 11    Spells: 7/7 levels left

rFire   . . .      SeeInvis .   a - +0 rapier
rCold   . . .      Faith    .   c - +0 buckler
rNeg    . . .      Spirit   .   b - +0 scale mail
rPois   .          Reflect  .   i - +0 helmet
rElec   .          Harm     .   (no cloak)
rCorr   .          Rampage  .   (no gloves)
Will    +....                   (no boots)
Stlth   ..........              (no amulet)
HPRegen 0.15/turn               g - ring of willpower
MPRegen 0.10/turn               p - +4 ring of slaying

@: mighty
A: fangs 1, strong nose, distributed training
a: Renounce Religion


You were on level 5 of the Dungeon.
You worshipped Vehumet.
Vehumet was pleased with you.
You visited 1 branch of the dungeon, and saw 4 of its levels.

You collected 113 gold pieces.

Inventory:

Hand Weapons
 a - a +0 rapier (weapon)
Armour
 b - a +0 scale mail (worn)
 c - a +0 buckler (worn)
 i - a +0 helmet (worn)
Jewellery
 g - a ring of willpower (left hand)
 j - a ring of resist corrosion
 p - a +4 ring of slaying (right hand)
Scrolls
 e - a scroll of torment {unknown}
 f - 3 scrolls of teleportation {unknown}
 h - a scroll of vulnerability {unknown}
 l - a scroll of identify {unknown}
 m - 2 scrolls of blinking {unknown}
 o - a scroll of immolation {unknown}
Potions
 k - a potion of heal wounds {unknown}
 n - a potion of curing {unknown}
 q - 3 potions of brilliance {unknown}


   Skills:
 + Level 6.7 Fighting
 + Level 4.8 Short Blades
 + Level 1.5 Long Blades
 + Level 1.5 Axes
 + Level 1.5 Maces & Flails
 + Level 1.5 Polearms
 + Level 1.5 Staves
 + Level 1.5 Slings
 + Level 1.5 Bows
 + Level 1.5 Crossbows
 + Level 1.5 Throwing
 + Level 6.7 Armour
 + Level 1.5 Dodging
 + Level 1.5 Stealth
 + Level 6.7 Shields
 + Level 1.5 Unarmed Combat
 + Level 1.5 Spellcasting
 + Level 1.2 Conjurations
 + Level 1.2 Hexes
 + Level 1.2 Summonings
 + Level 1.2 Necromancy
 + Level 1.2 Translocations
 + Level 1.2 Transmutations
 + Level 1.2 Fire Magic
 + Level 1.2 Ice Magic
 + Level 1.2 Air Magic
 + Level 1.2 Earth Magic
 + Level 1.2 Poison Magic
 + Level 1.7 Invocations
 + Level 1.5 Evocations


You had 7 spell levels left.
You didn't know any spells.
Your spell library contained the following spells:

 Spells                   Type           Power      Damage    Failure   Level
 Poisonous Vapours        Pois/Air       4%         N/A       78%         2
 Inner Flame              Hex/Fire       2%         N/A       95%         3
 Stone Arrow              Conj/Erth      4%         3d7       95%         3
 Animate Armour           Summ/Erth      4%         N/A       100%        4
 Cause Fear               Hex            1%         N/A       100%        4
 Discord                  Hex            1%         N/A       100%        8
 Lehudib's Crystal Spear  Conj/Erth      1%         10d2      100%        8


Dungeon Overview and Level Annotations

Branches:
Dungeon (3/15)

Altars:
Ashenzari
Vehumet


Innate Abilities, Weirdness & Mutations

You have very sharp teeth.
Your uncanny sense of smell can sniff out nearby items.
Your experience applies equally to all skills.


Message History

You see here a +0 giant club.
There is a dry fountain here.
You pick up a book of Hexes and begin reading...
You add the spells Inner Flame, Cause Fear and Discord to your library.
Okay, then.
Magic restored.
You feel a little less mighty now.
HP restored.
As you open the door, it creaks loudly!
There is an open door here.
A steam dragon comes into view.
The steam dragon hisses angrily.
A hound comes into view.
The hound barks!
The steam dragon breathes steam at you. The ball of steam hits you!!
You hear an angry hiss.
You hear a shout!
You hit the steam dragon.
The steam dragon is lightly wounded.
The steam dragon closely misses you. The steam dragon barely misses you.
You hit the steam dragon.
The steam dragon is lightly wounded.
The steam dragon breathes steam at you. The ball of steam hits you!!
* * * LOW HITPOINT WARNING * * *
You hear a shout! x2
You feel very mighty all of a sudden.
You are engulfed in a cloud of scalding steam.
* * * LOW HITPOINT WARNING * * *
You block the steam dragon's attack. The steam dragon barely misses you.
You puncture the steam dragon! Your bite misses the steam dragon.
The steam dragon is heavily wounded.
You are engulfed in a cloud of scalding steam.
* * * LOW HITPOINT WARNING * * *
The steam dragon barely misses you. You block the steam dragon's attack.
You puncture the steam dragon!
The steam dragon is almost dead.
The steam dragon breathes steam at you. The ball of steam hits you!
You die...

..#.........# ... .....
#.##.......#####.#
....$.
...#.......#.....# ....#
...+..._...+...#.##....#
...#)......#...#.......#
##.#.......###.#.......#
..#...............h...#
..#⌠.##+##.⌠#..hD#....+
#.####...####...@#...##
#....#...#.......##..#
##...#...#......## #.#
#...##'##..§#...# .#
#.#.......§.#......##
#..................+
#########.........##
##........# #.....####


You could see a steam dragon (catching breath) and a hound.

Vanquished Creatures
  An ogre (D:5)
  An adder (D:2)
  2 worms
  6 orcs (D:3)
  5 bats
  2 endoplasms
  2 giant cockroaches
  5 goblins
  5 hobgoblins
  7 jackals
  5 kobolds
  5 quokkas
  8 ball pythons
  5 frilled lizards
  4 rats
63 creatures vanquished.

Notes
Turn   | Place    | Note
-------+----------+-------------------------------------------
     0 | D:1      | Rennog the Gnoll Fighter began the quest for the Orb.
     0 | D:1      | Reached XP level 1. HP: 23/23 MP: 1/1
    79 | D:1      | Reached XP level 2. HP: 29/29 MP: 2/2
   446 | D:1      | Found a faded altar of an unknown god.
   504 | D:1      | Prayed at the altar of an unknown god.
   504 | D:1      | Became a worshipper of Vehumet
   504 | D:1      | Reached * piety under Vehumet
   504 | D:1      | Offered knowledge of Magic Dart by Vehumet.
   519 | D:1      | Reached XP level 3. HP: 35/35 MP: 3/3
  1141 | D:2      | Reached skill level 1 in Invocations
  1413 | D:2      | Reached skill level 1 in Long Blades
  1413 | D:2      | Reached skill level 1 in Axes
  1413 | D:2      | Reached skill level 1 in Maces & Flails
  1413 | D:2      | Reached skill level 1 in Polearms
  1413 | D:2      | Reached skill level 1 in Staves
  1413 | D:2      | Reached skill level 1 in Slings
  1413 | D:2      | Reached skill level 1 in Bows
  1413 | D:2      | Reached skill level 1 in Crossbows
  1413 | D:2      | Reached skill level 1 in Throwing
  1413 | D:2      | Reached skill level 1 in Dodging
  1413 | D:2      | Reached skill level 1 in Stealth
  1413 | D:2      | Reached skill level 1 in Unarmed Combat
  1413 | D:2      | Reached skill level 1 in Spellcasting
  1413 | D:2      | Reached skill level 1 in Evocations
  1479 | D:2      | Reached XP level 4. HP: 29/41 MP: 5/5
  1811 | D:3      | Reached ** piety under Vehumet
  1848 | D:3      | Offered knowledge of Poisonous Vapours by Vehumet.
  2091 | D:3      | Reached skill level 1 in Conjurations
  2091 | D:3      | Reached skill level 1 in Hexes
  2091 | D:3      | Reached skill level 1 in Summonings
  2091 | D:3      | Reached skill level 1 in Necromancy
  2091 | D:3      | Reached skill level 1 in Translocations
  2091 | D:3      | Reached skill level 1 in Transmutations
  2091 | D:3      | Reached skill level 1 in Fire Magic
  2091 | D:3      | Reached skill level 1 in Ice Magic
  2091 | D:3      | Reached skill level 1 in Air Magic
  2091 | D:3      | Reached skill level 1 in Earth Magic
  2091 | D:3      | Reached skill level 1 in Poison Magic
  2193 | D:3      | You fall into a shaft and drop 2 floors!
  2193 | D:5      | Entered Level 5 of the Dungeon
  2193 | D:5      | Noticed an ogre
  2193 | D:5      | Found a broken altar of Ashenzari.
  2197 | D:5      | Killed an ogre
  2198 | D:5      | Reached XP level 5. HP: 32/47 MP: 5/7
  2327 | D:5      | Noticed a steam dragon
  2335 | D:5      | Killed from afar by a steam dragon

Illustrated notes

Levels and vault maps discovered:
D:1:      heliophobic_arrival_enchanted_forest, layout_basic,
          hellmonk_ecumenical_altar_dog_temple
D:2:      layout_basic
D:3:      layout_basic
D:5:      nicolae_cairo_tiling_very_big, layout_cave_pools,
          kennysheep_orc_sif_temple, evilmike_ruin_ashenzari, st_stairs_3,
          minmay_manual_macuahuitl, uniq_pikel

Skill      XL: |  1  2  3  4 |
---------------+-------------+-----
Invocations    | 1 |  1.7
Long Blades    | 1 |  1.5
Axes           | 1 |  1.5
Maces & Flails | 1 |  1.5
Polearms       | 1 |  1.5
Staves         | 1 |  1.5
Slings         | 1 |  1.5
Bows           | 1 |  1.5
Crossbows      | 1 |  1.5
Throwing       | 1 |  1.5
Dodging        | 1 |  1.5
Stealth        | 1 |  1.5
Unarmed Combat | 1 |  1.5
Spellcasting   | 1 |  1.5
Evocations     | 1 |  1.5
Conjurations   | 1 |  1.2
Hexes          | 1 |  1.2
Summonings     | 1 |  1.2
Necromancy     | 1 |  1.2
Translocations | 1 |  1.2
Transmutations | 1 |  1.2
Fire Magic     | 1 |  1.2
Ice Magic      | 1 |  1.2
Air Magic      | 1 |  1.2
Earth Magic    | 1 |  1.2
Poison Magic   | 1 |  1.2
Fighting       | |  6.7
Short Blades   | |  4.8
Armour         | |  6.7
Shields        | |  6.7

Action                   |  1- 3 |  4- 6 || total
-------------------------+-------+-------++-------
Melee: Rapier            |   150 |    54 ||   204
       Bite              |    10 |     7 ||    17
  Use: Potion            |       |     2 ||     2
Armor: Scale mail        |    58 |    19 ||    77
Dodge: Dodged            |    56 |    19 ||    75
Block: Buckler           |    37 |    12 ||    49

Table legend: (Time is in decaauts)
 A = Elapsed time spent in this place.
 B = Non-inter-level travel time spent in this place.
 C = Inter-level travel time spent in this place.
 D = Time resting spent in this place.
 E = Time spent auto-exploring this place.
 F = Levels seen in this place.
 G = Mean time per level.
                   A        B        C        D        E       F      G
               +--------+--------+--------+--------+--------+-----+--------+
         Total |   2334 |   2255 |     79 |      0 |   1837 |   4 |  583.5 |
       Dungeon |   2334 |   2255 |     79 |      0 |   1837 |   4 |  583.5 |
               +--------+--------+--------+--------+--------+-----+--------+

Top non-repeatable levels by time:
     D:1: 935 daAuts
     D:2: 799 daAuts
     D:3: 458 daAuts
     D:5: 141 daAuts
